 Dungeon Crawl Stone Soup version 0.26-a0-737-g4e9f4955e2 (webtiles) character file.

Game seed: 3571403611801951677

111 Kamikaze the Sneak (level 4, -8/29 HPs)
             Began as a Gargoyle Delver on Nov 4, 2020.
             Was an Initiate of Vehumet.
             Mangled by an ice beast (14 damage)
             ... on level 5 of the Dungeon.
             The game lasted 00:04:36 (836 turns).

Kamikaze the Sneak (Gargoyle Delver)                 Turns: 836, Time: 00:04:37

Health: -8/29      AC:  5    Str: 15    XL:     4   Next: 92%
Magic:  4/4        EV:  9    Int: 11    God:    Vehumet [......]
Gold:   18         SH:  0    Dex: 12    Spells: 3/3 levels left

rFire    . . .     SeeInvis .   j - +0 battleaxe
rCold    . . .     Faith    .   (shield currently unavailable)
rNeg     + . .     Spirit   .   i - +0 scale mail
rPois    ∞         Reflect  .   (no helmet)
rElec    +         Harm     .   (no cloak)
rCorr    .         Rampage  .   (no gloves)
MR       .....                  (no boots)
Stlth    ++........             (no amulet)
HPRegen  0.09/turn              (no ring)
MPRegen  0.09/turn              (no ring)

@: corroded
A: negative energy resistance 1, electricity resistance, unbreathing,
petrification resistance, rot immunity, AC +3
a: Renounce Religion


You were on level 5 of the Dungeon.
You worshipped Vehumet.
Vehumet was noncommittal.
You visited 2 branches of the dungeon, and saw 2 of its levels.

You collected 19 gold pieces.
You donated 1 gold pieces to Zin.

Inventory:

Hand Weapons
 j - a +0 battleaxe (weapon)
Armour
 i - a +0 scale mail (worn)
Wands
 g - a wand of digging (3)
Scrolls
 b - a scroll of teleportation {unknown}
 c - a scroll of fog
 d - a scroll of magic mapping
 e - a scroll of fear
 h - a scroll of identify {unknown}
Potions
 f - a potion of haste


   Skills:
 + Level 3.8 Fighting
 + Level 2.4 Axes
 + Level 0.9 Armour
 + Level 1.7 Dodging
 + Level 6.8 Stealth


You had 3 spell levels left.
You didn't know any spells.
Your spell library was empty.

Dungeon Overview and Level Annotations

Branches:
Dungeon (5/15)             Temple (1/1) D:5

Altars:
Dithmenos
Gozag
Hepliaklqana
Nemelex Xobeh
Okawaru
Qazlal
Ru
Sif Muna
Trog
Uskayaw
Vehumet
Xom
Yredelemnul
Zin
The Shining One


Innate Abilities, Weirdness & Mutations

You are resistant to torment.
Your stone body is resilient. (AC +3)
You are immune to poison.
You resist negative energy. (rN+)
You are resistant to electric shocks. (rElec)
You can survive without breathing.
You are immune to petrification.
You are immune to rotting.


Message History

The jelly is moderately wounded.
The jelly hits you. The acid corrodes you!
You are splashed with acid!
* * * LOW HITPOINT WARNING * * *
The jelly hits you but does no damage.
You slash the jelly!
You kill the jelly!
Vehumet accepts your kill.
You hit the ice beast.
The ice beast is lightly wounded.
The ice beast hits you but does no damage.
The ice beast barely misses you.
You completely miss the ice beast.
The ice beast is lightly wounded.
The ice beast closely misses you.
You hit the ice beast.
The ice beast is lightly wounded.
The ice beast hits you.
* * * LOW HITPOINT WARNING * * *
The ice beast freezes you!
You die...

............#
#.#
########.#..#
#.# #.#..#
#.# #.#..#
#.# #.#..#
#.# #.#..#
#.# #.#..#
###'##+###
..######'#..#
#........#
.......[....#
#.@......#
............#
#.Y.....)#
............#
#........#
............#
#........#
##########..#
#........#
#..#
#........#
#..#
#........#
#..#
#........+
#..#


You could see an ice beast.

Vanquished Creatures
  A jelly (D:5)
  A bullfrog zombie (D:5)
  A hound (D:5)
  2 adders (D:5)
  A quokka (D:5)
6 creatures vanquished.

Notes
Turn   | Place    | Note
-------+----------+-------------------------------------------
     0 | D:5      | Kamikaze the Gargoyle Delver began the quest for the Orb.
     0 | D:5      | Reached XP level 1. HP: 14/14 MP: 1/1
    18 | D:5      | Noticed a hound
    30 | D:5      | Killed a hound
    30 | D:5      | Reached skill level 6 in Stealth
    30 | D:5      | Reached XP level 2. HP: 16/19 MP: 2/2
    30 | D:5      | Reached XP level 3. HP: 20/23 MP: 3/3
    76 | D:5      | Found a staircase to the Ecumenical Temple.
    90 | Temple   | Entered the Ecumenical Temple
   355 | Temple   | Became a worshipper of Zin the Law-Giver
   359 | Temple   | Fell from the grace of Zin
   451 | Temple   | Became a worshipper of Vehumet
   452 | Temple   | Fell from the grace of Vehumet
   453 | Temple   | Became a worshipper of Vehumet
   585 | D:5      | Reached XP level 4. HP: 15/29 MP: 4/4
   826 | D:5      | Noticed an ice beast
   836 | D:5      | Mangled by an ice beast

Illustrated notes

Levels and vault maps discovered:
D:5:      layout_basic, minmay_temple_entry_stoned_glass
Temple:   regret_index_temple_waves

Skill      XL: |  1 |
---------------+----+-----
Axes           | 2 |  2.4
Stealth        | 6 |  6.8
Fighting       | |  3.8
Armour         | |  0.9
Dodging        | |  1.7

Action                   |  1- 3 |  4- 6 || total
-------------------------+-------+-------++-------
Melee: Hand axe          |    17 |       ||    17
       Battleaxe         |     9 |    10 ||    19
Invok: Renounce Religion |     2 |       ||     2
Armor: Leather armour    |     5 |       ||     5
       Scale mail        |     9 |     7 ||    16
Dodge: Dodged            |    22 |     3 ||    25

Table legend: (Time is in decaauts)
 A = Elapsed time spent in this place.
 B = Non-inter-level travel time spent in this place.
 C = Inter-level travel time spent in this place.
 D = Time resting spent in this place.
 E = Time spent auto-exploring this place.
 F = Levels seen in this place.
 G = Mean time per level.
                   A        B        C        D        E       F      G
               +--------+--------+--------+--------+--------+-----+--------+
         Total |    849 |    849 |      0 |      0 |    399 |   2 |  424.5 |
       Dungeon |    445 |    445 |      0 |      0 |    300 |   1 |  445.0 |
        Temple |    404 |    404 |      0 |      0 |     99 |   1 |  404.0 |
               +--------+--------+--------+--------+--------+-----+--------+

Top non-repeatable levels by time:
     D:5: 445 daAuts
  Temple: 404 daAuts
